Map: Ever Dream LE

Players

Neeblet (Neeb) - Winner!

  • Race: Protoss Protoss
  • Spawn Location: 1:00

Geralt (Gerald)

  • Race: Protoss Protoss
  • League: Grandmaster
  • Spawn Location: 7:00

Event: StayAtHomestory Cup #1

VOD

Have the link to the VOD?

Description

Time

  • Played on: April 10, 2020, 12:54 p.m.
  • Length: 9:15

All games in this series

Show
View Real Time Build Order
Export as new Build Order

Neeblet Protoss - Winner!

Build Orders:  

Get SALT Encoding   

  12  0:00  Probe  
  13  0:13  Probe  
  14  0:17  Pylon  
  14  0:25  Probe (Chrono Boost)  
  15  0:36  Gateway  
  15  0:37  Probe (Chrono Boost)  
  16  0:44  Probe (Chrono Boost)  
  16  0:45  Assimilator  
  17  0:51  Probe  
  17  0:54  Assimilator  
  18  1:03  Probe (Chrono Boost)  
  19  1:09  Gateway  
  19  1:12  Probe (Chrono Boost)  
  19  1:17  Probe (Chrono Boost)  
  20  1:23  Cybernetics Core  
  21  1:29  Probe  
  22  1:34  Pylon  
  22  1:41  Probe  
  24  1:54  Probe  
  24  2:00  Stalker, Sentry  
  24  2:01  Warp Gate (Chrono Boost)  
  28  2:05  Pylon  
  28  2:10  Probe  
  29  2:22  Probe  
  30  2:27  Stalker  
  32  2:30  Stalker  
  34  2:49  Nexus  
  34  2:59  Pylon  
  34  3:04  Shield Battery  
  34  3:16  Probe (Chrono Boost)  
  31  3:28  Probe (Chrono Boost)  
  31  3:36  Probe (Chrono Boost)  
  32  3:42  Probe, Adept x2  
  37  3:49  Twilight Council  
  37  3:54  Probe  
  38  4:01  Probe  
  39  4:03  Sentry x2  
  39  4:06  Probe  
  44  4:14  Probe  
  45  4:18  Probe  
  45  4:21  Blink (Chrono Boost)  
  46  4:26  Probe  
  46  4:30  Probe  
  46  4:34  Stalker  
  46  4:36  Stalker  
  50  4:41  Shield Battery  
  50  4:43  Probe  
  50  4:44  Probe  
  50  4:55  Probe  
  50  4:56  Probe  
  50  4:58  Gateway  
  52  5:01  Stalker  
  54  5:07  Stalker  
  54  5:09  Probe  
  54  5:10  Probe  
  58  5:14  Pylon  
  58  5:21  Probe  
  58  5:24  Probe  
  60  5:30  Assimilator  
  60  5:32  Forge  
  60  5:33  Probe  
  60  5:34  Gateway  
  61  5:36  Probe  
  61  5:39  Stalker  
  64  5:46  Pylon  
  64  5:49  Stalker, Pylon  
  66  5:52  Stalker  
  68  5:59  Protoss Ground Weapons Level 1 (Chrono Boost)  
  68  6:02  Stalker  
  70  6:10  Robotics Facility  
  70  6:12  Pylon  
  70  6:17  Stalker x2  
  74  6:28  Nexus  
  74  6:35  Stalker  
  76  6:44  Shield Battery  
  76  6:45  Shield Battery  
  76  6:50  Stalker  
  76  6:51  Stalker  
  80  6:55  Probe  
  80  6:58  Pylon  
  79  7:15  Stalker x4  
  85  7:22  Probe  
  86  7:32  Observer (Chrono Boost)  
  79  7:42  Stalker x4  
  79  7:43  Probe  
  85  7:45  Probe  
  85  7:50  Probe  
  87  7:56  Probe  
  87  7:57  Probe  
  87  8:05  Probe  
  85  8:06  Pylon  
  85  8:08  Probe  
  85  8:10  Pylon x2  
  80  8:18  Probe  
  75  8:21  Assimilator  
  75  8:23  Probe  
  75  8:24  Probe  
  75  8:34  Photon Cannon  
  75  8:36  Stalker, Photon Cannon  
  75  8:41  Photon Cannon  
  80  8:45  Gateway  
  80  8:47  Gateway  
  77  9:07  Gateway  
  77  9:10  Gateway x2  
  77  9:11  Sentry, Zealot x2  
Show
View Real Time Build Order
Export as new Build Order

Geralt Protoss 

Build Orders: Oracle Opening 

Get SALT Encoding   

  12  0:01  Probe  
  13  0:13  Probe  
  14  0:17  Pylon  
  14  0:26  Probe (Chrono Boost)  
  15  0:37  Probe (Chrono Boost)  
  15  0:38  Gateway  
  16  0:42  Probe (Chrono Boost)  
  16  0:46  Assimilator  
  17  0:52  Probe (Chrono Boost)  
  17  0:54  Assimilator  
  19  1:04  Probe (Chrono Boost)  
  19  1:06  Gateway  
  19  1:13  Probe (Chrono Boost)  
  20  1:19  Probe  
  20  1:25  Cybernetics Core  
  21  1:31  Probe  
  22  1:38  Pylon  
  22  1:43  Probe  
  24  2:02  Stargate  
  24  2:04  Adept  
  24  2:06  Adept, Warp Gate  
  27  2:09  Probe  
  28  2:16  Pylon  
  28  2:21  Probe  
  29  2:33  Probe  
  30  2:45  Oracle (Chrono Boost)  
  36  2:55  Pylon  
  35  3:00  Shield Battery x2  
  31  3:20  Nexus  
  31  3:21  Pylon  
  31  3:23  Probe  
  31  3:26  Twilight Council  
  29  3:35  Probe  
  29  3:39  Oracle (Chrono Boost)  
  33  3:48  Probe  
  33  3:49  Shield Battery  
  34  3:55  Stalker  
  34  4:00  Stalker  
  38  4:03  Probe  
  40  4:19  Stalker  
  38  4:35  Nexus  
  38  4:45  Resonating Glaives (Chrono Boost), Gateway  
  38  4:48  Probe  
  38  4:52  Gateway  
  39  5:01  Adept  
  39  5:03  Probe  
  42  5:15  Probe  
  42  5:17  Adept  
  45  5:27  Probe  
  44  5:39  Probe, Dark Shrine  
  45  5:49  Probe  
  46  5:51  Probe  
  46  5:56  Pylon  
  47  5:57  Adept x2  
  47  5:58  Adept  
  47  6:01  Probe  
  47  6:03  Probe  
  55  6:13  Probe  
  55  6:14  Gateway  
  56  6:19  Probe  
  56  6:25  Probe  
  58  6:27  Pylon  
  58  6:28  Adept x2  
  58  6:29  Adept  
  65  6:32  Probe  
  65  6:36  Adept  
  67  6:40  Pylon  
  67  6:42  Assimilator  
  67  7:07  Dark Templar x4  
  69  7:11  Probe  
  69  7:15  Probe  
  67  7:22  Gateway x2  
  67  7:27  Assimilator  
  62  7:47  Stalker x4  
  43  8:09  Probe  
  35  8:13  Stalker x4  
  35  8:14  Probe  
  41  8:22  Probe (Chrono Boost)  
  41  8:26  Probe (Chrono Boost)  
  41  8:32  Stalker x2  
  41  8:33  Archon  
  41  8:34  Probe (Chrono Boost)  
  46  8:36  Probe (Chrono Boost)  
  46  8:39  Probe (Chrono Boost)  
  48  8:41  Probe (Chrono Boost)  
  48  8:44  Stalker x3  
  48  8:48  Probe  
  56  8:55  Stalker  
  58  8:56  Probe  
  58  9:00  Probe  
  60  9:09  Pylon  
Tags
 
Add a new tag
Caveats
  • Supply blocks, unpowered buildings, or Contaminate may cause inaccurate times.
  • Supply counts are checked every 10 seconds.